Unix NetHack Version 3.7.0-88 Work-in-progress - last build Aug 21 2023 04:08:40 (b68ccb3e4f8f5dcb83e1e40b1ff56e7dffd4cd28,branch:master). Game began 2023-08-26 00:30:15, ended 2023-08-26 01:50:48. chip, chaotic male human Monk --- ....- ..@... ....... | | ......| #.| |..... .| -.... .| -.. .| .| .| | Chip the Initiate St:16 Dx:11 Co:13 In:13 Wi:13 Ch:12 Chaotic S:7088 Dlvl:7 $:4494 HP:43(48) Pw:21(21) AC:0 Xp:6/571 T:4748 Latest messages: x - a pick-axe (weapon in hand). You have no secondary weapon readied. The gnome picks up a dwarvish cloak. You continue digging downward. You stop digging. The dog misses the gnome. The dart hits the gnome. The gnome is killed! You continue digging downward. The dog eats a dwarf corpse. You dig a hole through the floor. You fall through... The dog is still eating. What do you want to use or apply? [jxBV or ?*] B Your candle called tallow's flame burns brightly! The gnome wields a bow! The bow welds itself to the gnome's hand! x - a pick-axe (weapon in hand). The gnome picks up a cram ration. Pick an object. x - a pick-axe (weapon in hand). What do you want to wield? [- txyCFU or ?*] - You are empty handed. The gnome shoots an arrow! You are hit by an arrow! You are empty handed. You begin striking monsters with your gloved hands. You kill the gnome! You see here a violet gem. O - a violet gem. With great effort you move the boulder. The gnome picks up a yellow gem. You are hit by a dagger. The gnome throws a dagger! You are hit by a dagger. The gnome wields a dagger! You are empty handed. You kill the gnome! You see here a dagger. You are almost hit by a stout spear. You descend the stairs. You hear a door open. What do you want to use or apply? [jxBV or ?*] B You snuff out your candle called tallow. What do you want to write with? [- jr-tyCFJOU or ?*] - You write in the dust with your fingertip. What do you want to write in the dust here? no forking point You finish writing in the dust. Really quit? [yn] (n) y Do you want your possessions identified? [ynq] (y) q Inventory: Coins $ - 4494 gold pieces Weapons C - a +3 dart t - a +1 aklys named +1 y - a +0 aklys F - a +0 aklys U - a +0 aklys named !c Armor Q - an uncursed +0 dwarvish iron helm (being worn) a - an uncursed +2 pair of leather gloves (being worn) K - an uncursed +0 pair of iron shoes (being worn) X - a blessed +0 pair of levitation boots b - an uncursed +1 robe (being worn) Comestibles g - 6 uncursed apples f - 7 uncursed food rations i - an uncursed fortune cookie h - 6 uncursed oranges k - an uncursed tripe ration Z - an uncursed egg l - 3 uncursed lichen corpses Scrolls M - a blessed scroll of blank paper N - a cursed scroll of blank paper v - 2 uncursed scrolls of earth Potions e - 2 uncursed potions of healing Wands j - a wand of striking (0:6) Tools x - a +0 pick-axe B - an uncursed partly used tallow candle V - 2 uncursed tallow candles Gems/Stones s - an uncursed aquamarine stone J - 2 uncursed topaz stones r - 3 uncursed worthless pieces of black glass O - an uncursed worthless piece of violet glass Chip the Monk's attributes: Background: You were an Initiate, a level 6 male human Monk. You were chaotic, on a mission for Huan Ti who was opposed by Shan Lai Ching (lawful) and Chih Sung-tzu (neutral). You were in the Gnomish Mines, on level 7. You entered the dungeon 4748 turns ago. It was nighttime. You had 571 experience points, 69 more were needed to attain level 7. Your score was 7088 before end-of-game adjustments. Basics: You had 43 out of 48 hit points. You had all 21 energy points (spell power). Your armor class was 0. Your wallet contained 4494 zorkmids. Autopickup was off. Final Characteristics: Your strength was 16 (limit:18/100). Your dexterity was 11 (limit:18). Your constitution was 13 (limit:18). Your intelligence was 13 (limit:18). Your wisdom was 13 (limit:18). Your charisma was 12 (limit:18). Final Status: You were not hungry. You were unencumbered. You were empty handed. You were skilled in martial arts. Final Attributes: You were piously aligned. You were sleep resistant. You were poison resistant. You saw invisible. You were telepathic. You were stealthy. You were guarded. You were fast. You survived. Miscellaneous: You never encountered a bones level. Total elapsed playing time was 1 hour, 20 minutes and 32 seconds. Major events: Turn 1: chip the chaotic male human Monk entered the dungeon 651: entered the Gnomish Mines 651: attained the rank of Novice (level 3) 1955: entered Sokoban 3578: attained the rank of Initiate (level 6) 4739: reached Mine Town 4748: quit Vanquished creatures: 2 small mimics a water nymph 2 rock moles 2 fog clouds 2 gnome leaders a paper golem a giant ant a little dog 6 floating eyes 6 dwarves a kobold leader a rabid rat a giant bat a monkey 3 werejackals an iguana a coyote a gas spore 7 manes 3 hobgoblins 10 giant rats 2 brown molds 2 yellow molds 17 gnomes 2 geckos 5 goblins 2 sewer rats 10 grid bugs 3 lichens 8 newts 105 creatures vanquished. No species were genocided or became extinct. Voluntary challenges: You never hit with a wielded weapon. You read items or engraved 5 times. You never engraved Elbereth. You never genocided any monsters. You never polymorphed an object. You never changed form. You used no wishes. You did not violate any of the special Sokoban rules. Achievements: You entered the Gnomish Mines. You attained the rank of Novice. You entered a shop. You entered Sokoban. You attained the rank of Initiate. You entered Minetown. The Dungeons of Doom: levels 1 to 6 Level 1: "$" Some fountains, a grave. Level 2: A fountain. Level 3: "e" A fountain. Stairs down to The Gnomish Mines. Level 4: A general store, a fountain. Level 5: Many fountains. Oracle of Delphi. Level 6: "n" An altar to Huan Ti. Stairs up to Sokoban, level 5. The Gnomish Mines: levels 4 to 7 Level 4: Level 5: Level 6: Level 7: <- You were here. Sokoban: Level 5: Unsolved. Goodbye chip the Monk... You quit in The Gnomish Mines on dungeon level 7 with 7088 points, and 4494 pieces of gold, after 4748 moves. You were level 6 with a maximum of 48 hit points when you quit.